 Dungeon Crawl Stone Soup version 0.30.0-5-g1a98f26d00 (webtiles) character file.

Game seed: 2928519414737239312

21 jasper the Cudgeller (level 2, -4/20 HPs)
             Began as a Demigod Wanderer on May 8, 2023.
             Killed from afar by a dart slug (5 damage)
             ... with a slug dart
             ... on level 1 of the Dungeon.
             The game lasted 00:00:57 (215 turns).

jasper the Cudgeller (Demigod Wanderer)              Turns: 215, Time: 00:00:57

Health: -4/20      AC:  3    Str: 17    XL:     2   Next: 45%
Magic:  0/5        EV: 11    Int: 13    God:
Gold:   5          SH:  0    Dex: 10    Spells: 2/3 levels left

rFire   . . .        a - +0 mace
rCold   . . .        (no shield)
rNeg    . . .        d - +0 leather armour
rPois   .            (no helmet)
rElec   .            (no cloak)
rCorr   .            (no gloves)
SInv    .            (no boots)
Will    .....        (no amulet)
Stlth   +            (no ring)
HPRegen 0.23/turn    (no ring)
MPRegen 0.09/turn

%: no passive effects
@: very slightly contaminated
A: high MP 1, forlorn, divine attributes
a: no special abilities


You were on level 1 of the Dungeon.
You visited 1 branch of the dungeon, and saw 1 of its levels.

You collected 5 gold pieces.

Inventory:

Hand Weapons
 a - a +0 mace (weapon)
Armour
 d - a +0 leather armour (worn)
Wands
 b - a wand of flame (6) (quivered)
Scrolls
 c - a scroll of silence
Potions
 e - a potion of resistance {unknown}
 f - a potion of invisibility {unknown}
 g - a potion of might {unknown}


   Skills:
 - Level 3.6 Maces & Flails
 - Level 1.0 Armour
 - Level 1.0 Spellcasting
 - Level 1.7 Transmutations
 + Level 2.1 Poison Magic
 - Level 1.7 Evocations


You had 2 spell levels left.
You knew the following spells:

 Your Spells              Type           Power      Damage    Failure   Level
a - Sting                 Tmut/Pois      20%        1d4       16%         1

Your spell library contained the following spells:

 Spells                   Type           Power      Damage    Failure   Level
 Beastly Appendage        Tmut           10%        N/A       16%         1
 Static Discharge         Conj/Air       0%         2-2/arc   45%         2
 Petrify                  Tmut/Erth      2%         N/A       93%         4
 Airstrike                Air            0%         2d(0-16)  97%         4
 Summon Lightning Spire   Summ/Air       0%         N/A       97%         4


Dungeon Overview and Level Annotations

Branches:
Dungeon (1/15)


Innate Abilities, Weirdness & Mutations

You have an increased reservoir of magic. (+10% MP)
You shall have no god before yourself.
Your divine heritage dramatically boosts your attributes as you level up.


Message History

The gnoll is moderately wounded.
The gnoll hits you with a +0 spear.
You take 1 damage, and have 19/20 hp.
You now have 3/5 mp.
Casting: Sting (safe; 17% risk of failure)
Confirm with . or Enter, or press ? or * to list all spells.
Aiming: Sting (safe; 17% risk of failure)
Press: ? - help, Shift-Dir - straight line, f/p - gnoll
Aim: a gnoll, wielding a +0 spear (moderately wounded, very poisoned, 72% to hit)
The sting hits the gnoll.
The gnoll looks even sicker.
The gnoll is heavily wounded.
The gnoll hits you with a +0 spear!
You take 9 damage, and have 10/20 hp.
MASSIVE DAMAGE!!
You now have 2/5 mp.
You barely miss the gnoll.
The gnoll is heavily wounded.
The gnoll hits you with a +0 spear. The gnoll hits you with a +0 spear!
* * * LOW HITPOINT WARNING * * *
You take 9 damage, and have 1/20 hp.
MASSIVE DAMAGE!!
You thump the gnoll!
You kill the gnoll!
Your Poison Magic skill increases to level 2!
Casting: Sting (safe; 16% risk of failure)
Confirm with . or Enter, or press ? or * to list all spells.
Aiming: Sting (safe; 16% risk of failure)
Press: ? - help, Shift-Dir - straight line, f - dart slug
Aim: a dart slug (100% to hit)
The sting hits the dart slug.
The dart slug is poisoned.
The dart slug is heavily wounded.
You now have 1/5 mp.
Casting: Sting (safe; 16% risk of failure)
Confirm with . or Enter, or press ? or * to list all spells.
Aiming: Sting (safe; 16% risk of failure)
Press: ? - help, Shift-Dir - straight line, f/p - dart slug
Aim: a dart slug (heavily wounded, poisoned, 100% to hit)
You miscast Sting.
You are very lightly contaminated with residual magic.
Nothing appears to happen.
You now have 0/5 mp.
The dart slug launches a dart at you. The slug dart hits you.
You die...

..#...... . ..
#...#####
..#...... .. #.
##....†...
......... .##.###
......###...
......... .....
.............
..#...... #.>.
...#######†##
..#......
#.#############.#
###.....
#...........†...#
....
#.###############
.## #@# #w# #.#
#.# #.# #.# #.#
#.#


You could see a dart slug (poisoned).

Vanquished Creatures
  A gnoll (D:1)
  A dart slug (D:1)
  A goblin (D:1)
  2 jackals (D:1)
  A quokka (D:1)
  A ball python (D:1)
  A bat (D:1)
  2 rats (D:1)
10 creatures vanquished.

Notes
Turn   | Place    | Note
-------+----------+-------------------------------------------
     0 | D:1      | jasper the Demigod Wanderer began the quest for the Orb.
     0 | D:1      | jasper set off with the following items: a +0 mace, a wand
                  | of flame (6), a scroll of silence, a +0 leather armour; and
                  | the following spells available to memorise: Beastly
                  | Appendage, Sting, Petrify.
     0 | D:1      | Reached XP level 1. HP: 14/14 MP: 4/4
    11 | D:1      | Learned a level 1 spell: Sting
    65 | D:1      | Reached skill level 1 in Poison Magic
   191 | D:1      | Reached XP level 2. HP: 20/20 MP: 5/5
   211 | D:1      | HP: 1/20 [gnoll/+0 spear (7)]
   215 | D:1      | Killed from afar by a dart slug

Illustrated notes

Levels and vault maps discovered:
D:1:      lemuel_arrival_broad_hall, layout_basic, minmay_misc_feat_alley,
          kennysheep_nondescript, minmay_close_crescents

Skill      XL: |  1  2 |
---------------+-------+-----
Poison Magic   | 1 2 |  2.1
Maces & Flails | |  3.6
Armour         | |  1.0
Spellcasting   | |  1.0
Transmutations | |  1.7
Evocations     | |  1.7

Action                     || total
---------------------------++-------
  Melee: Mace              ||    26
   Cast: Sting             ||     4
 Armour: Leather armour    ||    11
  Dodge: Dodged            ||    15
